 Dungeon Crawl Stone Soup version 0.31.0-12-g77e489cdc1 (webtiles) character file.

Game seed: 3495879833747358690

1628 Doomgape the Covered (level 8, -1/53 HPs)
             Began as a Gargoyle Fighter on Feb 24, 2024.
             Slain by a steam dragon (8 damage)
             ... on level 6 of the Dungeon.
             The game lasted 00:12:52 (4721 turns).

Doomgape the Covered (Gargoyle Fighter)             Turns: 4721, Time: 00:12:54

Health: -1/53      AC: 18    Str: 22    XL:     8   Next: 97%
Magic:  2/2        EV:  6    Int:  9    God:
Gold:   248        SH:  4    Dex:  9    Spells: 7/7 levels left

rFire   . . .        l - +3 flail (antimagic)
rCold   . . .        c - +0 buckler
rNeg    + . .        t - +0 plate armour
rPois   ∞            (no helmet)
rElec   +            (no cloak)
rCorr   .            (no gloves)
SInv    .            (no boots)
Will    .....        (no amulet) Stlth
                     (no ring)
HPRegen 0.28/turn    (no ring)
MPRegen 0.08/turn

%: no passive effects
@: slowed, very slow
A: sickness immunity, AC +5, negative energy resistance 1, electricity
resistance, torment resistance 1, petrification resistance
a: no special abilities


You were on level 6 of the Dungeon.
You visited 1 branch of the dungeon, and saw 6 of its levels.

You collected 248 gold pieces.

Inventory:

Hand Weapons
 a - a +0 flail
 l - a +3 antimagic flail (weapon)
Missiles
 b - a throwing net (quivered)
Armour
 c - a +0 buckler (worn)
 t - a +0 plate armour (worn)
Jewellery
 h - a ring of flight
Wands
 m - a wand of digging (6)
 v - a wand of flame (18)
Scrolls
 e - 3 scrolls of teleportation
 f - 6 scrolls of immolation
 i - 4 scrolls of blinking
 n - a scroll of identify
 p - a scroll of summoning
 s - a scroll of enchant weapon
Potions
 d - a potion of might
 j - 2 potions of enlightenment
 k - 3 potions of curing
 o - a potion of haste {unknown}
 q - a potion of invisibility
 r - 2 potions of mutation
 u - a potion of magic {unknown}
 w - a potion of lignification


   Skills:
 + Level 7.4 Fighting
 + Level 6.3 Maces & Flails
 + Level 7.4 Armour
 - Level 5.0 Shields


You had 7 spell levels left.
You didn't know any spells.
Your spell library was empty.

Dungeon Overview and Level Annotations

Branches:
Dungeon (6/15)
 Temple: D:4-7

Altars:
Ashenzari
Kikubaaqudgha
Okawaru
Sif Muna
Uskayaw
The Shining One

Annotations:
D:6 2 runed translucent doors


Innate Abilities, Weirdness & Mutations

You are immune to sickness and miasma.
Your stone body is resilient. (AC +5)
You are immune to poison.
You resist negative energy. (rN+)
You are resistant to electric shocks. (rElec)
You are resistant to unholy torment.
You are immune to petrification.


Message History

You block the wraith's attack.
You hit the wraith.
The wraith is severely damaged.
You block the wraith's attack. The wraith barely misses you.
You barely miss the wraith.
The wraith is severely damaged.
The wraith hits you but does no damage.
You closely miss the wraith.
The wraith is severely damaged.
The wraith closely misses you. The wraith hits you but does no damage.
You hit the wraith but do no damage.
The wraith is severely damaged.
The wraith hits you but does no damage. x2
You barely miss the wraith.
The wraith is severely damaged.
The wraith hits you but does no damage.
You hit the wraith but do no damage.
The wraith is severely damaged.
The wraith hits you. The wraith drains your vigour!
You feel as though you will be slow longer.
The wraith barely misses you.
You hit the wraith.
The wraith is severely damaged.
The wraith hits you. The wraith drains your vigour!
You feel as though you will be slow longer.
You block the wraith's attack.
You hit the wraith.
The wraith is almost destroyed.
You block the wraith's attack. The wraith barely misses you.
You barely miss the wraith.
The wraith is almost destroyed.
The wraith hits you but does no damage.
You sock the wraith!
You destroy the wraith!
The steam dragon breathes steam at you. The ball of steam hits you!
* * * LOW HITPOINT WARNING * * *
Unknown command.
The steam dragon bites you!
You die...

##8..8##..
#8....8#..
#)....!#.. ## ##
#(....)#.. ##[ .)#
#8ooO.8#..
#.##.#####8oo8##..
#@#.##.'.##++##...
#§D.#.##..........
.
#.####.#.####....#
..##....##.#
######
#..######..#
...........#
........#..#
.......<..##
..........#


You could see a steam dragon (catching breath).

Vanquished Creatures
  Pikel (D:5)
  A wraith (D:6)
  Menkaure (D:5)
  A black bear (D:4)
  A centaur (D:5)
  A phantom (D:5)
  A lemure (D:4)
  4 scorpions (D:5)
  A howler monkey (D:4)
  A jelly (D:4)
  Crazy Yiuf (D:5)
  Terence (D:2)
  An iguana (D:5)
  A sleepcap (D:4)
  Robin (D:2)
  3 gnolls (D:5)
  8 adders
  An ufetubus (D:5)
  5 dart slugs
  A ribbon worm (D:3)
  An orc (D:5)
  7 bats
  7 endoplasms
  5 giant cockroaches
  13 goblins
  12 hobgoblins
  12 jackals
  6 quokkas
  9 ball pythons
  5 frilled lizards
  10 kobolds
  6 rats
129 creatures vanquished.

Notes
Turn   | Place    | Note
-------+----------+-------------------------------------------
     0 | D:1      | Doomgape the Gargoyle Fighter began the quest for the Orb.
     0 | D:1      | Reached XP level 1. HP: 14/14 MP: 1/1
   103 | D:1      | Reached XP level 2. HP: 19/19 MP: 2/2
   321 | D:1      | Reached XP level 3. HP: 23/23 MP: 3/3
  1173 | D:2      | Noticed Terence
  1184 | D:2      | Killed Terence
  1185 | D:2      | Reached XP level 4. HP: 14/29 MP: 0/4
  1437 | D:2      | Noticed Robin
  1445 | D:2      | Reached XP level 5. HP: 33/33 MP: 1/5
  1478 | D:2      | Killed Robin
  1935 | D:3      | Found a broken altar of Ashenzari.
  1957 | D:3      | Found a hide-covered altar of Uskayaw.
  2820 | D:4      | Reached XP level 6. HP: 29/39 MP: 2/6
  3227 | D:4      | Found a glowing golden altar of the Shining One.
  3227 | D:4      | Found an ancient bone altar of Kikubaaqudgha.
  3227 | D:4      | Found a shimmering blue altar of Sif Muna.
  3227 | D:4      | Found an iron altar of Okawaru.
  3227 | D:4      | Noticed a black bear
  3236 | D:4      | Killed a black bear
  3647 | D:5      | Entered Level 5 of the Dungeon
  3659 | D:5      | Reached skill level 5 in Fighting
  3659 | D:5      | Reached skill level 5 in Armour
  3659 | D:5      | Reached skill level 5 in Shields
  3659 | D:5      | Reached XP level 7. HP: 41/44 MP: 2/7
  3890 | D:5      | Noticed Menkaure
  4132 | D:5      | Reached XP level 8. HP: 51/51 MP: 2/8
  4195 | D:5      | Found a runed translucent door.
  4196 | D:5      | Noticed Crazy Yiuf
  4212 | D:5      | Killed Crazy Yiuf
  4213 | D:5      | Reached skill level 5 in Maces & Flails
  4322 | D:5      | Killed Menkaure
  4341 | D:5      | Noticed Pikel
  4359 | D:5      | Killed Pikel
  4668 | D:6      | Found a large runed translucent door.
  4668 | D:6      | Found a large runed translucent door.
  4670 | D:6      | Noticed a two-headed ogre
  4671 | D:6      | Identified the +10 shortbow of Adau {flame, rC+ MP+9 Dex-3}
  4692 | D:6      | Noticed a wraith
  4720 | D:6      | Killed a wraith
  4721 | D:6      | Slain by a steam dragon

Illustrated notes

Levels and vault maps discovered:
D:1:      dpeg_arrival_rooms_with_view, layout_rooms, serial_rivers,
          chequers_serial_rivers_small_3, chequers_serial_rivers_room_a,
          chequers_serial_rivers_micro_e, chequers_serial_rivers_large_b,
          chequers_serial_rivers_micro_e, chequers_serial_rivers_large_a
D:2:      layout_loops_ring, uniq_robin, uniq_terence
D:3:      layout_basic, ashenzari_altar_1, lemuel_crystal_altar,
          grunt_ministairs_15
D:4:      layout_cave_pods, grunt_temple_overflow_cloverleaf,
          saegor_snake_ambush
D:5:      layout_gridville, minmay_chambers_of_fives, uniq_crazy_yiuf_cottage,
          uniq_pikel, uniq_menkaure
D:6:      layout_layer_cave, minmay_hollow_rounded_squares

Skill      XL: |  1  2  3  4  5  6  7  8 |
---------------+-------------------------+-----
Armour         | 4 5 6 7 |  7.4
Fighting       | 4 5 6 7 |  7.4
Shields        | 4 5 |  5.0
Maces & Flails | 3 4 6 |  6.3

Action                     |  1- 3 |  4- 6 |  7- 9 || total
---------------------------+-------+-------+-------++-------
  Melee: Flail             |   129 |   183 |   120 ||   432
    Use: Scroll            |     3 |     3 |     8 ||    14
         Potion            |       |       |     4 ||     4
 Armour: Scale mail        |   113 |   144 |    33 ||   290
         Plate armour      |       |       |   105 ||   105
  Dodge: Dodged            |    79 |    93 |    72 ||   244
  Block: Buckler           |    38 |    49 |    34 ||   121
